 Dungeon Crawl Stone Soup version 0.25-a0-591-g2ad0d861f1 (webtiles) character file.

Game seed: 5763228898699918762, levelgen mode: deterministic

12 Emblim88 the Sneak (level 2, 0/13 HPs)
             Began as a Spriggan Enchanter on Mar 14, 2020.
             Slain by a jackal (1 damage)
             ... on level 1 of the Dungeon.
             The game lasted 00:01:27 (750 turns).

Emblim88 the Sneak (Spriggan Enchanter)              Turns: 750, Time: 00:01:27

Health: 0/13       AC:  2    Str:  4    XL:     2   Next: 20%
Magic:  7/7        EV: 18    Int: 16    God:
Gold:   16         SH:  0    Dex: 16    Spells: 6/7 levels left

rFire    . . .     SeeInvis +   a - +1 dagger
rCold    . . .     Gourm    .   (shield restricted)
rNeg     . . .     Faith    .   b - +0 robe
rPois    .         Spirit   .   (helmet restricted)
rElec    .         Reflect  .   (no cloak)
rCorr    .         Harm     .   (gloves unavailable)
MR       .....                  (boots unavailable)
Stlth    +++.......             (no amulet)
HPRegen  0.04/turn              (no ring)
MPRegen  0.10/turn              (no ring)

@: very quick
A: very small, unfitting armour, see invisible, herbivore, speed 3, slow
metabolism 2
a: no special abilities


You were on level 1 of the Dungeon.
You were not hungry.

You visited 1 branch of the dungeon, and saw 1 of its levels.

You collected 16 gold pieces.

Inventory:

Hand Weapons
 a - a +1 dagger (weapon)
Missiles
 e - 4 stones (quivered)
Armour
 b - a +0 robe (worn)
Scrolls
 f - a scroll of amnesia {unknown}
Potions
 c - a potion of heal wounds {unknown}
 g - a potion of flight {unknown}
 h - a potion of haste {unknown}
Comestibles
 d - a ration


   Skills:
 - Level 1.1 Short Blades
 - Level 3.0 Dodging
 + Level 4.9 Stealth
 + Level 3.1 Spellcasting
 + Level 3.9 Hexes


You had 6 spell levels left.
You knew the following spells:

 Your Spells              Type           Power        Failure   Level  Hunger
a - Corona                Hex            ###....      3%          1    #......

Your spell library contained the following spells:

 Spells                   Type           Power        Failure   Level  Hunger
 Confusing Touch          Hex            ###.....     11%         3    ###....
 Tukima's Dance           Hex            ###.....     11%         3    ###....
 Ensorcelled Hibernation  Hex/Ice        #.....       12%         2    ##.....
 Dazzling Flash           Conj/Hex       #.....       24%         3    ###....


Dungeon Overview and Level Annotations

Branches:
Dungeon (1/15)

Altars:


Innate Abilities, Weirdness & Mutations

You are very small and have problems with some larger weapons.
You are too small for most types of armour.
You have supernaturally acute eyesight. (SInv)
You are a herbivore.
You cover ground extremely quickly.
You need to consume almost no food.


Message History

The jackal misses you. The jackal barely misses you.
You barely miss the jackal.
The jackal is lightly wounded.
The jackal misses you.
You miss the jackal.
The jackal is lightly wounded.
The jackal completely misses you.
You hit the jackal.
The jackal is heavily wounded.
The jackal misses you. The jackal bites you.
* * * LOW HITPOINT WARNING * * *
You closely miss the jackal.
The jackal is heavily wounded.
The jackal stops to sniff the ground.
The jackal bites you.
* * * LOW HITPOINT WARNING * * *
You hit the jackal.
The jackal is almost dead.
The jackal bites you.
You die...

#.#.# ♣♣>..♣ #.#.#
♣....♣ #.#h#
♣..<.♣ #.#.#
♣♣....♣ ##.#.#
♣♣.♣♣♣ #..#.# ♣..
#..#.# ♣♣♣
#####..#(#########
#.......#(....h@.#
#.###.##.#########
#'###########
##..(.......#
#..........#
#..######..#
#..######[.#
#).######..#
#..######..#


You could see a jackal.

Vanquished Creatures
  A dart slug (D:1)
  A bat (D:1)
  2 jackals (D:1)
  A goblin (D:1)
  3 kobolds (D:1)
  2 rats (D:1)
10 creatures vanquished.

Notes
Turn   | Place    | Note
-------+----------+-------------------------------------------
     0 | D:1      | Emblim88 the Spriggan Enchanter began the quest for the
                  | Orb.
     0 | D:1      | Reached XP level 1. HP: 9/9 MP: 5/5
   529 | D:1      | Reached XP level 2. HP: 8/13 MP: 7/7
   750 | D:1      | Slain by a jackal

Levels and vault maps discovered:
D:1:      roderic_dead_forest, layout_loops_ring, kennysheep_pointless_box

Skill      XL: |  1 |
---------------+----+-----
Spellcasting   | 3 |  3.1
Short Blades   | |  1.1
Dodging        | |  3.0
Stealth        | |  4.9
Hexes          | |  3.9

Action                   || total
-------------------------++-------
Melee: Dagger            ||    62
Throw: Stone             ||     7
 Stab: Sleeping          ||     2
Armor: Robe              ||     2
Dodge: Dodged            ||    53

Table legend:
 A = Non-vault XP
 B = Vault XP
 C = Vault XP percentage of total XP
 D = Non-vault monster count
 E = Vault monster count
 F = Vault count percentage of total count
                 A         B        C        D         E       F
            +---------+---------+-------+---------+---------+-------
      Total |      18 |       0 |   0.0 |      10 |       0 |   0.0
            +---------+---------+-------+---------+---------+-------
        D:1 |      18 |       0 |   0.0 |      10 |       0 |   0.0
            +---------+---------+-------+---------+---------+-------
